 Dungeon Crawl Stone Soup version 0.29.1-1-gd02db69 (webtiles) character file.

Game seed: 14330972872923440796

3026 Timinator the Insei (level 9, -7/73 HPs)
             Began as a Demigod Transmuter on Jan 12, 2023.
             Mangled by a komodo dragon (17 damage)
             ... on level 8 of the Dungeon.
             The game lasted 00:26:32 (8792 turns).

Timinator the Insei (Demigod Transmuter)            Turns: 8792, Time: 00:26:33

Health: -7/73      AC:  9    Str: 15    XL:     9   Next: 30%
Magic:  13/15      EV: 18    Int: 15    God:
Gold:   288        SH:  0    Dex: 22    Spells: 5/12 levels left

rFire   . . .      SeeInvis +     - Unarmed
rCold   . . .      Faith    .   (no shield)
rNeg    + . .      Spirit   .   d - +1 ring mail {rN+}
rPois   .          Reflect  .   (helmet currently unavailable)
rElec   .          Harm     .   b - +0 cloak
rCorr   .          Rampage  .   j - +1 pair of gloves
Will    .....                   (boots currently unavailable)
Stlth   +.........              (no amulet)
HPRegen 0.22/turn               i - ring of see invisible
MPRegen 0.14/turn               o - +4 ring of evasion

@: appendages (expiring), very slightly contaminated, hasted, very quick
A: horns 2, talons 2, high MP 1, forlorn, divine attributes
a: End Transformation


You were on level 8 of the Dungeon.
You had temporarily grown beastly horns and talons.
You visited 1 branch of the dungeon, and saw 8 of its levels.

You collected 431 gold pieces.
You spent 143 gold pieces at shops.

Inventory:

Missiles
 r - 5 javelins (quivered)
 x - a throwing net
Armour
 b - a +0 cloak (worn)
 d - a +1 ring mail of positive energy (worn)
 j - a +1 pair of gloves (worn)
Jewellery
 e - a +6 ring of intelligence
 i - a ring of see invisible (left hand)
 o - a +4 ring of evasion (right hand)
Wands
 t - a wand of flame (59)
Scrolls
 a - 2 scrolls of amnesia {unknown}
 c - 2 scrolls of butterflies {unknown}
 h - 3 scrolls of teleportation
 l - 3 scrolls of enchant weapon
 m - a scroll of magic mapping {unknown}
 n - a scroll of torment {unknown}
 p - a scroll of noise {unknown}
 q - a scroll of poison
 s - 3 scrolls of enchant armour {unknown}
 v - a scroll of fear {unknown}
 y - a scroll of brand weapon {unknown}
 z - 2 scrolls of identify
Potions
 g - 3 potions of curing
 k - 2 potions of flight
 u - a potion of haste
 w - a potion of degeneration {unknown}


   Skills:
 * Level 4.8 Fighting
 - Level 3.0 Armour
 * Level 5.3 Dodging
 + Level 7.6 Unarmed Combat
 - Level 2.0 Spellcasting
 + Level 5.0 Transmutations
 * Level 3.6 Ice Magic


You had 5 spell levels left.
You knew the following spells:

 Your Spells              Type           Power      Damage    Failure   Level
a - Beastly Appendage     Tmut           32%        N/A       5%          1
b - Wereblood             Tmut           16%        N/A       9%          2
c - Ice Form              Ice/Tmut       14%        N/A       58%         4

Your spell library contained the following spells:

 Spells                   Type           Power      Damage    Failure   Level
 Slow                     Hex            4%         N/A       38%         1
 Spider Form              Tmut/Pois      9%         N/A       41%         3
 Static Discharge         Conj/Air       1%         3-4/arc   54%         2
 Sublimation of Blood     Necr           1%         N/A       54%         2
 Confusing Touch          Hex            1%         N/A       77%         3
 Portal Projectile        Hex/Tloc       2%         N/A       77%         3
 Teleport Other           Tloc           1%         N/A       77%         3
 Vampiric Draining        Necr           1%         2d6       77%         3
 Dispel Undead            Necr           1%         3d6       99%         4
 Sticky Flame             Conj/Fire      1%         2d3       99%         4
 Summon Mana Viper        Hex/Summ       1%         N/A       100%        5
 Monstrous Menagerie      Summ           0%         N/A       100%        7
 Summon Hydra             Summ           0%         N/A       100%        7


Dungeon Overview and Level Annotations

Branches:
Dungeon (8/15)             Temple (0/1) D:4
   Lair: D:8-11

Shops:
D:3 [


Innate Abilities, Weirdness & Mutations

You have temporarily grown beastly horns and talons.
You have an increased reservoir of magic. (+10% MP)
You shall have no god before yourself.
Your divine heritage dramatically boosts your attributes as you level up.


Message History

The komodo dragon struggles against the net.
You hit the komodo dragon but do no damage.
You headbutt the komodo dragon.
The komodo dragon is lightly wounded.
The bullfrog swells and bulges.
The komodo dragon struggles against the net.
The net rips apart, and the komodo dragon comes free!
Casting: Beastly Appendage (safe; 5% risk of failure)
Confirm with . or Enter, or press ? or * to list all spells.
You miscast Wereblood.
You are very lightly contaminated with residual magic.
Nothing appears to happen.
The komodo dragon bites you!!
You hit the komodo dragon but do no damage.
You claw the komodo dragon, but do no damage.
Your headbutt misses the komodo dragon.
The komodo dragon bites you but does no damage.
You hit the komodo dragon.
You claw the komodo dragon, but do no damage.
Your headbutt misses the komodo dragon.
The komodo dragon is lightly wounded.
The komodo dragon bites you!
You barely miss the komodo dragon. You claw the komodo dragon.
You headbutt the komodo dragon!
The komodo dragon is moderately wounded.
You hit the komodo dragon but do no damage.
Your kick misses the komodo dragon.
The komodo dragon is moderately wounded.
The komodo dragon barely misses you.
You punch the komodo dragon!
You claw the komodo dragon, but do no damage.
The komodo dragon is heavily wounded.
The komodo dragon closely misses you.
You punch the komodo dragon! Your kick misses the komodo dragon.
The komodo dragon is heavily wounded.
Your transformation is almost over.
The komodo dragon bites you!!
* * * LOW HITPOINT WARNING * * *
It was a potion of haste.
You feel yourself speed up. The komodo dragon bites you!
You die...

#.##. #.##.
#.# ##.# #.#
...# #.# ####
#.# . #.# .P.
#.######..PP.
#....@lF.....
#########....


P You could see a komodo dragon and a bullfrog.

Vanquished Creatures
  Sigmund (D:5)
  2 wyverns
  Eustachio (D:6)
  A black bear (D:6)
  An orc warrior (D:7)
  3 sky beasts (D:7)
  3 ice beasts (D:5)
  3 centaurs
  Blork the orc (D:4)
  A kobold brigand (D:8)
  2 bullfrogs
  3 scorpions
  A necrophage (D:7)
  3 wights (D:8)
  3 vampire bats (D:6)
  4 orc priests
  A jelly (D:5)
  A gnoll bouda (D:4)
  3 hounds
  Crazy Yiuf (D:2)
  2 iguanas
  An orc wizard (D:4)
  15 gnolls
  5 adders
  3 shadow imps
  3 ufetubi
  3 worms
  A dart slug (D:4)
  16 orcs
  4 ball pythons
  3 bats
  2 bat skeletons (D:6)
  5 bat zombies (D:6)
  9 endoplasms
  2 giant cockroaches (D:2)
  12 hobgoblins
  2 jackals (D:3)
  4 quokkas
  2 frilled lizards
  6 goblins
  11 kobolds
  11 rats
161 creatures vanquished.

Vanquished Creatures (others)
  18 fungi (D:8)
  22 plants
40 creatures vanquished.

Grand Total: 201 creatures vanquished

Notes
Turn   | Place    | Note
-------+----------+-------------------------------------------
     0 | D:1      | Timinator the Demigod Transmuter began the quest for the
                  | Orb.
     0 | D:1      | Reached XP level 1. HP: 15/15 MP: 5/5
    56 | D:1      | Reached skill level 1 in Fighting
   452 | D:1      | Reached XP level 2. HP: 16/23 MP: 5/7
   455 | D:1      | Reached skill level 3 in Unarmed Combat
  1027 | D:1      | Learned a level 2 spell: Wereblood
  1203 | D:2      | Reached XP level 3. HP: 26/28 MP: 6/8
  1579 | D:2      | Reached skill level 1 in Armour
  1739 | D:2      | Found a runed translucent door.
  1740 | D:2      | Noticed Crazy Yiuf
  1747 | D:2      | Killed Crazy Yiuf
  1748 | D:2      | Reached XP level 4. HP: 33/36 MP: 9/9
  2039 | D:3      | Found Wuallucs's Armour Shoppe.
  2342 | D:3      | Found a transporter.
  2345 | D:3      | You fall into a shaft and drop 3 floors!
  2359 | D:6      | Noticed a black bear
  2365 | D:6      | Killed a black bear
  2366 | D:6      | Reached XP level 5. HP: 41/41 MP: 8/10
  2368 | D:6      | Noticed a centaur
  2377 | D:6      | Killed a centaur
  2378 | D:6      | Reached skill level 4 in Unarmed Combat
  2482 | D:5      | Entered Level 5 of the Dungeon
  2487 | D:5      | Noticed Sigmund
  2513 | D:5      | Killed Sigmund
  2514 | D:5      | Reached XP level 6. HP: 20/50 MP: 9/11
  2825 | D:3      | Found a transporter.
  4057 | D:4      | Identified the +10 dagger "Astreeman" {protect, rN++}
  4176 | D:4      | Reached XP level 7. HP: 55/56 MP: 11/13
  4268 | D:4      | Noticed Blork the orc
  4274 | D:4      | Killed Blork the orc
  4360 | D:4      | Learned a level 4 spell: Ice Form
  4370 | D:4      | Found a staircase to the Ecumenical Temple.
  4529 | D:3      | Bought a +1 ring mail of positive energy for 143 gold
                  | pieces
  4960 | D:5      | Reached skill level 5 in Unarmed Combat
  5263 | D:5      | Reached skill level 1 in Ice Magic
  6090 | D:6      | Reached XP level 8. HP: 64/64 MP: 11/14
  6209 | D:6      | Noticed Eustachio
  6258 | D:6      | Killed Eustachio
  6259 | D:6      | Reached skill level 6 in Unarmed Combat
  6363 | D:6      | Got Afuss's Secrets of Adjuration and the Traveller
  7280 | D:7      | Reached skill level 7 in Unarmed Combat
  7280 | D:7      | Reached XP level 9. HP: 51/72 MP: 13/15
  7625 | D:7      | Reached skill level 5 in Dodging
  8259 | D:8      | Reached skill level 5 in Transmutations
  8448 | D:8      | Noticed a moth of wrath
  8775 | D:8      | Noticed a komodo dragon
  8792 | D:8      | Mangled by a komodo dragon

Illustrated notes

Levels and vault maps discovered:
D:1:      nzn_arrival_depleted_hourglass, layout_basic,
          nicolae_ecumenical_lake_church, minmay_misc_feat_plants,
          minmay_pentomino_u2
D:2:      layout_rooms, grunt_ministairs_7, uniq_crazy_yiuf_cottage
D:3:      gammafunk_steamed_eel, layout_basic, mainiacjoe_overflow_alcove_1,
          lemuel_tele_altar, vehumet_altar_wand_db, serial_shops,
          nicolae_square_shop, kennysheep_generic_room_11
D:4:      layout_basic, lemuel_round_altar, temple_green, serial_bayou_ford_a,
          minmay_misc_feat_tower, uniq_blork_the_orc
D:5:      layout_basic, mainiacjoe_overflow_small_starburst,
          general_overflow_altar, minmay_hedge_maze, uniq_sigmund
D:6:      layout_basic, kennysheep_vampire_church, serial_glass,
          glass_columns_a, glass_columns_c, glass_columns_a, glass_columns_a,
          glass_columns_c, glass_columns_a, minmay_strange_pillars,
          uniq_eustachio
D:7:      layout_loops_ring, nicolae_overflow_crystal_walls, dk_noncrumbling_3,
          kennysheep_generic_room_6
D:8:      layout_loops_ring, elyvilon_altar_4, tgw_trog,
          mainiacjoe_overflow_surrounded_room, zin_purify,
          due_lair_maze_entry_diamond, uniq_joseph

Skill      XL: |  1  2  3  4  5  6  7  8  9 |
---------------+----------------------------+-----
Fighting       | 1 2 3 4 |  4.8
Spellcasting   | 2 |  2.0
Unarmed Combat | 3 4 5 7 |  7.6
Transmutations | 2 3 4 5 |  5.0
Dodging        | 2 3 4 5 |  5.3
Armour         | 1 2 3 |  3.0
Ice Magic      | 1 3 |  3.6

Action                   |  1- 3 |  4- 6 |  7- 9 || total
-------------------------+-------+-------+-------++-------
Melee: Unarmed           |    96 |   117 |   339 ||   552
       Kick              |    18 |    36 |   102 ||   156
       Headbutt          |    11 |    19 |    63 ||    93
       Punch             |     1 |     2 |    13 ||    16
Throw: Javelin           |       |       |     1 ||     1
       Throwing net      |       |       |     1 ||     1
 Cast: Beastly Appendage |    23 |    23 |    38 ||    84
       Wereblood         |     1 |     4 |    15 ||    20
  Use: Potion            |     1 |     3 |     8 ||    12
       Scroll            |       |     4 |     4 ||     8
 Stab: Sleeping          |     1 |       |       ||     1
       Invisible         |       |     2 |     1 ||     3
Armor: Robe              |    17 |       |       ||    17
       Skin              |     1 |       |       ||     1
       Leather armour    |       |    13 |     1 ||    14
       Ring mail         |       |       |    69 ||    69
Dodge: Dodged            |    50 |    65 |   310 ||   425
